 Dungeon Crawl Stone Soup version 0.21.1-1-g345015fe64 (webtiles) character file.

2580 Gargoyl the Chopper (level 9, 0/74 HPs)
             Began as a Centaur Abyssal Knight on Apr 23, 2018.
             Was a Priest of Lugonu.
             Slain by a killer bee (2 damage)
             ... on level 10 of the Dungeon.
             The game lasted 00:11:17 (7719 turns).

Gargoyl the Chopper (Centaur Abyssal Knight)        Turns: 7719, Time: 00:11:17

Health: 0/74       AC: 16    Str: 15    XL:     9   Next: 32%
Magic:  13/13      EV:  5    Int: 11    God:    Lugonu [***...]
Gold:   407        SH:  0    Dex: 12    Spells: 8/8 levels left

rFire    . . .     SeeInvis .   i - +3 hand axe (chop)
rCold    . . .     Gourm    .   (no shield)
rNeg     . . .     Faith    .   d - +5 chain mail {MR+}
rPois    .         Spirit   .   m - +2 hat
rElec    .         Reflect  .   v - scarf {repulsion}
rCorr    .         Harm     .   (no gloves)
MR       +....                  (no barding)
Stlth    ..........             (no amulet)
HPRegen  0.22/turn              (no ring)
MPRegen  0.13/turn              (no ring)

@: lethally poisoned (0 -> -40), repel missiles, very quick
A: large, hooves 3, deformed body, speed 2, tough skin 3
a: Depart the Abyss, Bend Space, Banish, Renounce Religion


You were on level 10 of the Dungeon.
You worshipped Lugonu.
Lugonu was most pleased with you.
You were hungry.

You visited 1 branch of the dungeon, and saw 8 of its levels.
You visited the Abyss 1 time.

You collected 407 gold pieces.

Inventory:

Hand Weapons
 a - a +1 hand axe
 i - a +3 hand axe of chopping (weapon)
Missiles
 p - 11 tomahawks (quivered)
Armour
 d - a +5 chain mail of magic resistance (worn)
 m - a +2 hat (worn)
 v - a scarf of repulsion (worn)
Wands
 u - a wand of flame (23)
Scrolls
 e - 3 scrolls of identify
 n - 2 scrolls of remove curse
Potions
 b - a potion of brilliance
 f - 8 potions of curing
 g - 2 potions of flight {unknown}
 h - 2 potions of heal wounds {unknown}
 j - 4 potions of might {unknown}
 k - 5 potions of haste
 l - a potion of berserk rage {unknown}
 q - a potion of degeneration {unknown}
 r - a potion of lignification {unknown}
 s - a potion of magic {unknown}
Books
 o - a book of Debilitation

   Spells                             Type                      Level
   a - Corona                         Hexes                        1
   b - Slow                           Hexes                        2
   c - Inner Flame                    Hexes/Fire                   3
   d - Portal Projectile              Hexes/Translocation          3
   e - Cause Fear                     Hexes                        4
   f - Leda's Liquefaction            Hexes/Earth                  4
Comestibles
 c - 6 rations


   Skills:
 + Level 5.5 Fighting
 + Level 7.0 Axes
 * Level 5.6 Armour
 + Level 2.0 Dodging
 * Level 5.8 Invocations


You had 8 spell levels left.
You didn't know any spells.

Dungeon Overview and Level Annotations

Branches:
Dungeon (7/15)             Temple (0/1) D:6

Altars:
Ashenzari
Qazlal
Ru
Trog
Zin


Innate Abilities, Weirdness & Mutations

You have hooves in place of feet.
Armour fits poorly on your strangely shaped body.
You cover ground very quickly.
You have extremely tough skin. (AC +3)


Message History

* * * LOW HITPOINT WARNING * * *
You feel sick. The killer bee stings you.
* * * LOW HITPOINT WARNING * * *
You are more poisoned.
The killer bee poisons you!
The killer bee stings you but does no damage. x4
The killer bee stings you.
* * * LOW HITPOINT WARNING * * *
You are more poisoned.
The killer bee poisons you!
You closely miss the killer bee. Your kick misses the killer bee.
The killer bee is severely wounded.
You hit the killer bee but do no damage.
You closely miss the killer bee.
* * * LOW HITPOINT WARNING * * *
You feel very sick. The killer bee barely misses you.
The killer bee stings you but does no damage. x3
The killer bee stings you.
You die...

####..... ##.......#
##........# #.........#
#.........# #.........##
#..........## ###
##.........yy###..##
..###.....รท....#@y......
...............###......
......#........# #.....
.....####......# .....
....## ######## ....
##.## .)# ### ###


You could see 3 killer bees.

Vanquished Creatures
  The ghost of error the Gusty, an amateur OpAE (D:4)
  A water moccasin (D:6)
  2 sky beasts (D:6)
  A black bear (D:6)
  An ogre (D:4)
  An ice beast (D:6)
  A phantom (D:5)
  3 centaurs
  Blork the orc (D:6)
  3 scorpions
  3 killer bees (D:10)
  A wight (D:5)
  The ghost of Name63 the Grave Robber, a weakling GnNe (D:3)
  A centaur zombie (D:5)
  2 crimson imps
  A centaur skeleton (D:7)
  5 orc priests
  4 orc wizards
  4 worker ants
  2 hound skeletons
  2 worker ant zombies (D:7)
  6 gnolls
  9 adders
  A shadow imp (D:5)
  3 oozes
  3 dart slugs
  6 worms
  5 leopard geckos
  25 orcs
  9 bats
  6 giant cockroaches
  11 hobgoblins
  4 jackals (D:5)
  6 quokkas
  7 frilled lizards
  7 goblins
  7 kobolds
  A leopard gecko skeleton (D:6)
  12 rats
169 creatures vanquished.

Vanquished Creatures (others)
  The ghost of Thargor the Shield-Bearer, a novice MiFi of Xom (D:5)
  An ogre (D:7)
  2 starspawn tentacles (Abyss:1)
4 creatures vanquished.

Grand Total: 173 creatures vanquished

Notes
Turn   | Place    | Note
-------+----------+-------------------------------------------
     0 | Abyss:1  | Gargoyl the Centaur Abyssal Knight began the quest for the Orb.
     0 | Abyss:1  | Reached XP level 1. HP: 19/19 MP: 2/2
    41 | Abyss:1  | Noticed a tentacled starspawn
   108 | Abyss:1  | Noticed a small abomination
   122 | Abyss:1  | Noticed a small abomination
   146 | Abyss:1  | Noticed a raiju
   158 | Abyss:1  | Noticed a quasit
   159 | Abyss:1  | Noticed an ancient zyme
   159 | Abyss:1  | Noticed a rakshasa
   171 | Abyss:1  | Noticed a large abomination
   175 | D:1      | Escaped the Abyss
   478 | D:1      | Reached XP level 2. HP: 20/26 MP: 3/3
   570 | D:1      | Found a shattered altar of Ashenzari.
   705 | D:1      | Reached * piety under Lugonu
   854 | D:1      | Reached skill level 2 in Axes
  1003 | D:1      | Reached XP level 3. HP: 33/33 MP: 4/4
  1249 | D:2      | Found a stormy altar of Qazlal.
  1251 | D:2      | Noticed an air elemental
  1505 | D:2      | Noticed a fire elemental
  1505 | D:2      | Noticed an earth elemental
  1505 | D:2      | Noticed a water elemental
  1609 | D:2      | Reached XP level 4. HP: 34/40 MP: 5/5
  2114 | D:3      | Noticed a centaur
  2143 | D:3      | Reached ** piety under Lugonu
  2194 | D:3      | Reached skill level 1 in Dodging
  2439 | D:3      | Reached XP level 5. HP: 43/46 MP: 7/7
  2532 | D:3      | Killed a centaur
  2532 | D:3      | Reached skill level 3 in Axes
  2557 | D:3      | Noticed Name63's ghost (weakling GnNe)
  2627 | D:3      | Killed Name63's ghost
  2627 | D:3      | Reached XP level 6. HP: 48/52 MP: 8/8
  3055 | D:4      | Noticed error's ghost (amateur OpAE)
  3150 | D:4      | Killed error's ghost
  3150 | D:4      | Reached *** piety under Lugonu
  3150 | D:4      | Reached skill level 4 in Axes
  3364 | D:4      | Reached XP level 7. HP: 42/59 MP: 9/9
  4068 | D:4      | Reached skill level 5 in Axes
  4357 | D:5      | Entered Level 5 of the Dungeon
  4386 | D:5      | Found a sacrificial altar of Ru.
  4553 | D:5      | Noticed Thargor's ghost (novice MiFi)
  4701 | D:5      | Banished Thargor's ghost
  4701 | D:5      | Reached XP level 8. HP: 36/67 MP: 11/11
  5154 | D:5      | Reached **** piety under Lugonu
  5159 | D:5      | Reached skill level 6 in Axes
  5481 | D:5      | Reached skill level 5 in Invocations
  5570 | D:5      | Found a bloodstained altar of Trog.
  5754 | D:6      | Reached skill level 5 in Fighting
  5802 | D:6      | Reached skill level 5 in Armour
  6058 | D:6      | Found a glowing silver altar of Zin.
  6070 | D:6      | Noticed Blork the orc
  6083 | D:6      | Killed Blork the orc
  6317 | D:6      | Found a staircase to the Ecumenical Temple.
  6477 | D:6      | Reached XP level 9. HP: 73/74 MP: 13/13
  7090 | D:7      | Reached skill level 7 in Axes
  7639 | D:7      | You fall through a shaft for 3 floors!
  7639 | D:10     | Entered Level 10 of the Dungeon
  7719 | D:10     | HP: 2/74 [poisoned by a killer bee]
  7719 | D:10     | Slain by a killer bee

Skill      XL: |  1  2  3  4  5  6  7  8  9 |
---------------+----------------------------+-----
Axes           | 2 3 4 5 6 7 |  7.0
Armour         | 2 3 4 5 |  5.6
Dodging        | 1 2 |  2.0
Fighting       | 4 5 |  5.5
Invocations    | 3 4 5 |  5.8

Action                   |  1- 3 |  4- 6 |  7- 9 || total
-------------------------+-------+-------+-------++-------
Melee: Hand axe          |    95 |   141 |   270 ||   506
       Kick              |    11 |    17 |    64 ||    92
Throw: Tomahawk          |       |       |     2 ||     2
Invok: Depart the Abyss  |     1 |       |       ||     1
       Banish            |       |       |     3 ||     3
  Use: Scroll            |     5 |     6 |     5 ||    16
  Eat: Chunk             |     1 |     5 |     9 ||    15
       Ration            |       |       |     1 ||     1
Armor: Chain mail        |    88 |   110 |   255 ||   453
       Leather armour    |     3 |       |       ||     3
Dodge: Dodged            |    22 |    29 |    63 ||   114
